 Dungeon Crawl Stone Soup version 0.30-a0-118-ga018f8e90f (webtiles) character file.

Game seed: 5567021305521691462

3175 Newt the Slasher (level 9, -12/62 HPs)
             Began as a Demonspawn Gladiator on Sept 13, 2022.
             Was a Believer of Hepliaklqana.
             Mangled by a death yak (20 damage)
             ... on level 9 of the Dungeon.
             The game lasted 00:10:11 (10511 turns).

Newt the Slasher (Demonspawn Gladiator)            Turns: 10511, Time: 00:10:12

Health: -12/62     AC:  7    Str: 22    XL:     9   Next: 63%
Magic:  9/9        EV: 14    Int:  8    God:    Hepliaklqana [**....]
Gold:   443        SH:  0    Dex: 21    Spells: 8/8 levels left

rFire   . . .      SeeInvis .    i - +8 falchion of Destiny {freeze, Fly Int-2 Dex+2}
rCold   . . .      Faith    .    (no shield)
rNeg    . . .      Spirit   .    b - +0 leather armour
rPois   .          Reflect  .    c - +0 helmet
rElec   .          Harm     .    (no cloak)
rCorr   .          Rampage  .    w - +2 pair of gloves
Will    .....                    (no boots)
Stlth   +++.......               (no amulet)
HPRegen 0.20/turn                d - +6 ring of strength
MPRegen 0.11/turn                (no ring)

@: flying
A: reduced essence, claws 2, thin skeletal structure 1, demonic magic 1
a: Renounce Religion, Recall Ancestor, Ancestor Identity


You were on level 9 of the Dungeon.
You worshipped Hepliaklqana.
Hepliaklqana was pleased with you.
You visited 2 branches of the dungeon, and saw 10 of its levels.

You collected 482 gold pieces.
You spent 39 gold pieces at shops.

Inventory:

Hand Weapons
 a - a +1 rapier
 i - the +8 falchion of Destiny (weapon) {freeze, Fly Int-2 Dex+2}
   (You found it on level 4 of the Dungeon)

   It freezes those it strikes, dealing additional cold damage.
   It can also slow down cold-blooded creatures.
   Int:       It affects your intelligence (-2).
   Dex:       It affects your dexterity (+2).
   Fly:       It grants you flight.
Missiles
 e - a javelin (quivered)
 j - 19 boomerangs
 x - 18 poisoned darts
Armour
 b - a +0 leather armour (worn)
 c - a +0 helmet (worn)
 v - a +0 chain mail of fire resistance
 w - a +2 pair of gloves (worn)
 B - a +1 ring mail of cold resistance
Jewellery
 d - a +6 ring of strength (left hand)
 D - an amulet of guardian spirit
Wands
 h - a wand of roots (9)
 o - a wand of flame (43)
 q - a wand of charming (9)
Scrolls
 f - 5 scrolls of teleportation
 r - 4 scrolls of enchant armour
 y - 6 scrolls of identify
 z - a scroll of fear
Potions
 g - 7 potions of curing
 k - a potion of degeneration
 l - a potion of attraction
 m - 2 potions of might
 n - 2 potions of cancellation
 p - a potion of berserk rage
 s - 2 potions of invisibility
 t - 2 potions of heal wounds
 u - 2 potions of brilliance
 A - a potion of resistance {unknown}
 C - a potion of haste {unknown}


   Skills:
 - Level 6.0 Fighting
 - Level 5.0(6.9) Short Blades
 + Level 7.4(8.1) Long Blades
 - Level 1.7 Throwing
 - Level 4.0 Armour
 - Level 4.0 Dodging
 - Level 2.0 Stealth
 - Level 5.0 Evocations


You had 8 spell levels left.
You didn't know any spells.
Your spell library contained the following spells:

 Spells                   Type           Power      Damage    Failure   Level
 Foxfire                  Conj/Fire      0%         2x1d4     45%         1
 Ensorcelled Hibernation  Hex/Ice        0%         N/A       58%         2
 Passwall                 Tmut/Erth      0%         N/A       58%         2
 Call Canine Familiar     Summ           0%         N/A       83%         3
 Inner Flame              Hex/Fire       0%         N/A       83%         3
 Kindle Blastsparks       Fire/Tloc/Air  0%         2d10      83%         3
 Portal Projectile        Hex/Tloc       0%         N/A       83%         3
 Swiftness                Air            0%         N/A       83%         3
 Tukima's Dance           Hex            0%         N/A       83%         3
 Flame Wave               Conj/Fire      0%         2d4       99%         4
 Leda's Liquefaction      Hex/Erth       0%         N/A       99%         4
 Blade Hands              Tmut           0%         N/A       100%        5


Dungeon Overview and Level Annotations

Branches:
Dungeon (9/15)             Temple (1/1) D:5
   Lair: D:8-11         Orc: D:9-12

Altars:
Ashenzari
Cheibriados
Dithmenos
Fedhas
Gozag
Hepliaklqana
Kikubaaqudgha
Makhleb
Nemelex Xobeh
Okawaru
Qazlal
Ru
Sif Muna
Trog
Uskayaw
Vehumet
Wu Jian
Xom
Yredelemnul

Shops:
D:4 ?!   D:7 *


Innate Abilities, Weirdness & Mutations

Your life essence is reduced to manifest your ancestor. (-10% HP)
You have very sharp fingernails.
You have a somewhat thin skeletal structure. (Dex +2, Stealth+)
Spells you cast may paralyse adjacent enemies.


Message History

You hit the centaur. You freeze the centaur.
You kill the centaur!
The orc completely misses you.
A death yak comes into view.
The orc hits you from afar with a +0 trident.
Rana points at the orc and mumbles some strange words.
The orc seems to slow down.
The death yak bellows!
You slash the orc! You freeze the orc.
You kill the orc!
Rana casts a spell at the orc.
The orc seems to slow down.
The orc hits you with a +0 trident.
You slash the orc! You freeze the orc.
You kill the orc!
Items here: )) [ †.
You hit the death yak but do no damage.
Rana hits the death yak with a +0 dagger of draining.
Rana hits the death yak but does no damage.
You hit the death yak. You freeze the death yak.
The death yak is lightly wounded.
The death yak gores you but does no damage.
Rana hits the death yak with a +0 dagger of draining.
Rana hits the death yak with a +0 dagger of draining!
You slash the death yak! You freeze the death yak.
The death yak is heavily wounded.
The death yak gores you!
The death yak gores you but does no damage.
Rana hits the death yak but does no damage.
Rana drains the death yak.
Rana hits the death yak with a +0 dagger of draining.
Rana drains the death yak.
You catch the helpless death yak completely off-guard!
You slash the death yak! You freeze the death yak.
The death yak is almost dead.
The death yak gores you! The death yak gores you!!
* * * LOW HITPOINT WARNING * * *
Rana hits the death yak with a +0 dagger of draining.
Unknown command.
The death yak attacks as you move away! The death yak gores you!!
You die...

########################
........................
......>..#......).......
.....##..#...##.........
.....##..#...##R@)......
.....##......##YY.......
##+#.##.####.##.........
# #....# #.##.........
###### #.##..#######
#.##..# #.##..# #.##..#
#.#


You could see the friendly Rana the hexer and 2 death yaks.

Vanquished Creatures
  2 wyverns
  2 orc warriors
  A sky beast (D:8)
  A black bear (D:5)
  4 ice beasts
  5 ogres
  A centaur (D:9)
  A phantom (D:6)
  5 bullfrogs
  A necrophage (D:7)
  2 scorpions
  5 howler monkeys
  2 hounds
  3 jellies
  An orc priest (D:6)
  Crazy Yiuf (D:3)
  An iron imp (D:9)
  2 iguanas
  7 orc wizards
  14 gnolls
  9 adders
  A shadow imp (D:5)
  2 white imps
  3 ufetubi
  4 dart slugs (D:1)
  33 orcs
  10 endoplasms
  2 giant cockroaches (D:1)
  7 goblins
  2 hobgoblins
  7 jackals (D:2)
  9 kobolds
  3 quokkas
  8 ball pythons
  5 bats
  2 frilled lizards (D:1)
  8 rats
176 creatures vanquished.

Vanquished Creatures (collateral kills)
  An orc wizard (D:9)
  2 orcs (D:9)
3 creatures vanquished.

Vanquished Creatures (others)
  13 fungi (D:8)
13 creatures vanquished.

Grand Total: 192 creatures vanquished

Notes
Turn   | Place    | Note
-------+----------+-------------------------------------------
     0 | D:1      | Newt the Demonspawn Gladiator began the quest for the Orb.
     0 | D:1      | Reached XP level 1. HP: 16/16 MP: 1/1
   366 | D:1      | Reached skill level 1 in Stealth
   443 | D:1      | Gained mutation: You have a somewhat thin skeletal
                  | structure. (Dex +2, Stealth+) [demonic ancestry]
   443 | D:1      | Reached XP level 2. HP: 22/22 MP: 2/2
   911 | D:1      | Reached XP level 3. HP: 27/28 MP: 3/3
   974 | D:1      | Found a faded altar of an unknown god.
   975 | D:1      | Noticed a golden eye
   977 | D:1      | Noticed a golden eye
   977 | D:1      | Noticed a floating eye
   977 | D:1      | Noticed a golden eye
  1893 | D:2      | Reached XP level 4. HP: 24/37 MP: 4/4
  3172 | D:3      | Reached XP level 5. HP: 38/42 MP: 5/5
  4029 | D:3      | Found a runed translucent door.
  4030 | D:3      | Noticed Crazy Yiuf
  4041 | D:3      | Killed Crazy Yiuf
  4500 | D:4      | Noticed an ogre
  4515 | D:4      | Killed an ogre
  4516 | D:4      | Reached skill level 5 in Short Blades
  4516 | D:4      | Reached XP level 6. HP: 25/48 MP: 6/6
  4889 | D:4      | Found Zucwaut's Magic Scroll Shoppe.
  4896 | D:4      | Bought a scroll of teleportation for 39 gold pieces
  4941 | D:4      | Identified the +8 falchion of Destiny {freeze, Fly Int-2
                  | Dex+2}
  5536 | D:4      | Reached skill level 1 in Long Blades
  5560 | D:4      | Found Bievadgh's Distillery.
  5870 | D:5      | Entered Level 5 of the Dungeon
  5875 | D:5      | Gained mutation: Spells you cast may paralyse adjacent
                  | enemies. [demonic ancestry]
  5875 | D:5      | Reached XP level 7. HP: 54/54 MP: 7/7
  5907 | D:5      | Reached skill level 2 in Long Blades
  6083 | D:5      | Found a staircase to the Ecumenical Temple.
  6106 | D:5      | Reached skill level 3 in Long Blades
  6268 | Temple   | Entered the Ecumenical Temple
  6409 | Temple   | Became a worshipper of Hepliaklqana the Forgotten
  6466 | D:5      | Reached skill level 4 in Long Blades
  6687 | D:5      | Reached skill level 5 in Long Blades
  7257 | D:6      | Gained mutation: You have sharp fingernails. [demonic
                  | ancestry]
  7257 | D:6      | Reached XP level 8. HP: 47/60 MP: 8/8
  7599 | D:6      | Reached skill level 6 in Long Blades
  8017 | D:6      | Found a bloodstained altar of Trog.
  8353 | D:7      | Reached * piety under Hepliaklqana
  8373 | D:7      | Found an iron altar of Okawaru.
  8410 | D:7      | Reached skill level 7 in Long Blades
  8748 | D:7      | Found a basalt altar of Yredelemnul.
  8789 | D:7      | Reached skill level 5 in Fighting
  8801 | D:7      | Found Kikhloem's General Store.
  8887 | D:7      | Reached skill level 1 in Evocations
  9132 | D:7      | Gained mutation: You have very sharp fingernails. [demonic
                  | ancestry]
  9132 | D:7      | Reached XP level 9. HP: 58/62 MP: 9/9
  9294 | D:8      | Found an ancient bone altar of Kikubaaqudgha.
  9643 | D:8      | Reached ** piety under Hepliaklqana
  9683 | D:8      | Remembered your ancestor Rana as a hexer
  9692 | D:8      | Found a broken altar of Ashenzari.
  9919 | D:8      | Found an opulent altar of Gozag.
  9942 | D:8      | Reached skill level 5 in Evocations
 10034 | D:9      | Reached skill level 1 in Armour
 10409 | D:9      | Found a snail-covered altar of Cheibriados.
 10501 | D:9      | Noticed a death yak
 10502 | D:9      | Noticed a death yak
 10511 | D:9      | Mangled by a death yak

Illustrated notes

Levels and vault maps discovered:
D:1:      dpeg_arrival_simpleton_c, layout_rooms,
          hellmonk_ecumenical_altar_watching_god
D:2:      layout_loops_ring
D:3:      layout_basic, grunt_ministairs_2, minivault_14,
          uniq_crazy_yiuf_cottage
D:4:      layout_loops_ring, serial_shops, nicolae_shop_crystal,
          nicolae_shop_advertising_works [nicolae_subvault_shop_adworks],
          serial_rivers, chequers_serial_rivers_room_a,
          chequers_serial_rivers_large_a, chequers_serial_rivers_micro_c,
          chequers_serial_rivers_small_b, chequers_serial_rivers_marsh
D:5:      layout_loops_corners, minmay_temple_entry_mist,
          minmay_fractal_squares_5
D:6:      layout_rooms, mainiacjoe_overflow_brackets
D:7:      layout_basic, mainiacjoe_overflow_catwalk, mainiacjoe_overflow_paths,
          serial_shops, nicolae_diamond_shop
D:8:      layout_rooms, marbit_many_paths, mainiacjoe_overflow_catch_the_wave
D:9:      layout_stronghold, lemuel_doored_altar, slow_altar_1,
          dpeg_lair_monsters, eino_jars
Temple:   nicolae_temple_bog_church

Skill      XL: |  1  2  3  4  5  6  7  8  9 |
---------------+----------------------------+-----
Stealth        | 1 2 |  2.0
Fighting       | 3 4 6 |  6.0
Short Blades   | 3 5 |  5.0
Dodging        | 4 |  4.0
Long Blades    | 1 5 7 |  7.4
Evocations     | 1 5 |  5.0
Armour         | 4 |  4.0
Throwing       | |  1.7

Action                   |  1- 3 |  4- 6 |  7- 9 || total
-------------------------+-------+-------+-------++-------
Melee: Rapier            |    93 |   164 |       ||   257
       Punch             |       |     2 |     2 ||     4
       Falchion          |       |    35 |   238 ||   273
Throw: Javelin           |     1 |       |       ||     1
       Throwing net      |     1 |     4 |       ||     5
       Dart              |       |     3 |       ||     3
Invok: Ancestor Life: He |       |       |     1 ||     1
  Use: Scroll            |       |     9 |     5 ||    14
       Potion            |       |     1 |       ||     1
 Stab: Sleeping          |     6 |    11 |     7 ||    24
       Held in net/web   |     1 |     2 |       ||     3
       Distracted        |       |       |     1 ||     1
       Confused          |       |       |     1 ||     1
Armor: Leather armour    |    33 |    32 |    64 ||   129
Dodge: Dodged            |    78 |   106 |   142 ||   326

Table legend: (Time is in decaauts)
 A = Elapsed time spent in this place.
 B = Non-inter-level travel time spent in this place.
 C = Inter-level travel time spent in this place.
 D = Time resting spent in this place.
 E = Time spent auto-exploring this place.
 F = Levels seen in this place.
 G = Mean time per level.
                   A        B        C        D        E       F      G
               +--------+--------+--------+--------+--------+-----+--------+
         Total |  10517 |  10195 |    322 |   3056 |   5791 |  10 | 1051.7 |
       Dungeon |  10360 |  10068 |    292 |   3056 |   5674 |   9 | 1151.1 |
        Temple |    157 |    128 |     29 |      0 |    117 |   1 |  157.0 |
               +--------+--------+--------+--------+--------+-----+--------+

Top non-repeatable levels by time:
     D:1: 1808 daAuts
     D:4: 1383 daAuts
     D:2: 1354 daAuts
     D:3: 1343 daAuts
     D:5: 1208 daAuts
     D:6: 1038 daAuts
     D:7: 961 daAuts
     D:8: 766 daAuts
     D:9: 496 daAuts
  Temple: 157 daAuts
